 Dungeon Crawl Stone Soup version 0.28-a0-21-gf74fda84f9 (webtiles) character file.

Game seed: 605600983253686432

27 willcat the Sneak (level 3, 0/29 HPs)
             Began as a Human Delver on July 26, 2021.
             Slain by a bullfrog (7 damage)
             ... on level 6 of the Dungeon.
             The game lasted 00:00:43 (342 turns).

willcat the Sneak (Human Delver)                     Turns: 342, Time: 00:00:44

Health: 0/29       AC:  3    Str: 13    XL:     3   Next: 25%
Magic:  3/3        EV: 12    Int: 10    God:
Gold:   0          SH:  0    Dex: 14    Spells: 2/2 levels left

rFire   . . .      SeeInvis .     - Unarmed
rCold   . . .      Faith    .   (no shield)
rNeg    . . .      Spirit   .   a - +0 leather armour
rPois   .          Reflect  .   (no helmet)
rElec   .          Harm     .   (no cloak)
rCorr   .          Rampage  .   (no gloves)
Will    .....                   (no boots)
Stlth   +++.......              (no amulet)
HPRegen 0.09/turn               (no ring)
MPRegen 0.08/turn               (no ring)

@: no status effects
A: no striking features
a: no special abilities


You were on level 6 of the Dungeon.
You visited 1 branch of the dungeon, and saw 2 of its levels.

Inventory:

Armour
 a - a +0 leather armour (worn)
Wands
 f - a wand of digging (3)
Scrolls
 b - a scroll of fog
 c - a scroll of magic mapping
 d - a scroll of fear
Potions
 e - a potion of haste


   Skills:
 + Level 3.0 Fighting
 - Level 2.0 Dodging
 - Level 5.0 Stealth
 - Level 2.0 Unarmed Combat
 - Level 2.6 Evocations


You had 2 spell levels left.
You didn't know any spells.
Your spell library was empty.

Dungeon Overview and Level Annotations

Branches:
Dungeon (6/15)
 Temple: D:4-7

Altars:

Shops:
D:5 (


Message History

* * * LOW HITPOINT WARNING * * *
You hit the bullfrog skeleton.
You destroy the bullfrog skeleton!
Your Evocations skill gained 2 levels and is now at level 2!
You have reached level 2!
You have reached level 3!
Your experience leads to an increase in your attributes!
Increase (S)trength, (I)ntelligence, or (D)exterity?
You feel stronger.
You start resting.
HP restored.
Found a ring mail and a long sword.
A bullfrog comes into view.
The bullfrog croaks.
The bullfrog hits you.
You closely miss the bullfrog. The bullfrog hits you.
You barely miss the bullfrog. The bullfrog completely misses you.
You hit the bullfrog.
The bullfrog is moderately wounded.
The bullfrog closely misses you. The bullfrog misses you.
You miss the bullfrog.
The bullfrog is moderately wounded.
The bullfrog hits you.
You hit the bullfrog.
The bullfrog is moderately wounded.
The bullfrog barely misses you. x2
You hit the bullfrog.
The bullfrog is heavily wounded.
The bullfrog barely misses you.
You closely miss the bullfrog.
The bullfrog is heavily wounded.
The bullfrog hits you. x2
You closely miss the bullfrog.
The bullfrog is heavily wounded.
The bullfrog hits you.
* * * LOW HITPOINT WARNING * * *
You hit the bullfrog.
The bullfrog is severely wounded.
The bullfrog hits you!
You die...

##. #.. .... ...
#...###.#########
........#.......#
#.......#.#####.# #.. .#
#.......#.....#.# #>. .#
#.......#.###.#.# #....#
#.......@.....#.# #.#Z!##
#.[...#F#...###.# .......
#.......+...'...# #.#..##
#.....###...##.####...>..
..)..........#.....<#
#########....#.######
#....#.# #.......
#....###


You could see a bullfrog.

Vanquished Creatures
  A bullfrog skeleton (D:6)
1 creature vanquished.

Notes
Turn   | Place    | Note
-------+----------+-------------------------------------------
     0 | D:5      | willcat the Human Delver began the quest for the Orb.
     0 | D:5      | Reached XP level 1. HP: 18/18 MP: 1/1
    12 | D:5      | Found Umuhos's Weapon Shoppe.
    15 | D:5      | Noticed a scorpion
    56 | D:6      | Reached XP level 2. HP: 4/24 MP: 2/2
    56 | D:6      | Reached XP level 3. HP: 5/29 MP: 3/3
   331 | D:6      | Noticed a bullfrog
   342 | D:6      | Slain by a bullfrog

Illustrated notes

Levels and vault maps discovered:
D:5:      layout_basic, grunt_temple_overflow_order_and_chaos_1,
          nicolae_stop_n_shop_1, kennysheep_path_1, kennysheep_windowed_goal,
          uniq_blork_the_orc
D:6:      layout_basic, uniq_sigmund

Skill      XL: |  1 |
---------------+----+-----
Evocations     | 2 |  2.6
Fighting       | |  3.0
Dodging        | |  2.0
Stealth        | |  5.0
Unarmed Combat | |  2.0

Action                   || total
-------------------------++-------
Melee: Unarmed           ||    15
Dodge: Dodged            ||     9

Table legend: (Time is in decaauts)
 A = Elapsed time spent in this place.
 B = Non-inter-level travel time spent in this place.
 C = Inter-level travel time spent in this place.
 D = Time resting spent in this place.
 E = Time spent auto-exploring this place.
 F = Levels seen in this place.
 G = Mean time per level.
                   A        B        C        D        E       F      G
               +--------+--------+--------+--------+--------+-----+--------+
         Total |    341 |    341 |      0 |    263 |      0 |   2 |  170.5 |
       Dungeon |    341 |    341 |      0 |    263 |      0 |   2 |  170.5 |
               +--------+--------+--------+--------+--------+-----+--------+

Top non-repeatable levels by time:
     D:6: 301 daAuts
     D:5: 40 daAuts
